 Dungeon Crawl Stone Soup version 0.20-a0-1116-gaa52201 (webtiles) character file.

63 Punjabi the Shield-Bearer (level 4, -2/39 HPs)
             Began as a Gnoll Fighter on May 8, 2017.
             Killed from afar by Natasha (4 damage)
             ... with a magic dart
             ... on level 2 of the Dungeon.
             The game lasted 00:02:04 (1353 turns).

Punjabi the Shield-Bearer (Gnoll Fighter)           Turns: 1353, Time: 00:02:05

Health: -2/39      AC:  9    Str: 21    XL:     4   Next: 9%
Magic:  4/4        EV:  6    Int: 12    God:
Gold:   91         SH: 10    Dex: 13    Spells: 3/3 levels left

rFire    . . .     SeeInvis .   a - +1 long sword
rCold    . . .     Gourm    .   c - +0 shield
rNeg     . . .     Faith    .   p - +0 chain mail
rPois    .         Spirit   .   (no helmet)
rElec    .         Reflect  .   (no cloak)
rCorr    .         Harm     .   (no gloves)
MR       .....                  (no boots)
Stlth    ..........             (no amulet)
Regen    0.2/turn               (no ring)
MPRegen  0.1/turn               o - +4 ring of intelligence

@: mighty
A: short attention span, fangs 1, strong nose
a: no special abilities


You were on level 2 of the Dungeon.
You were hungry.

You visited 1 branch of the dungeon, and saw 2 of its levels.

You collected 91 gold pieces.

Inventory:

Hand Weapons
 a - a +1 long sword (weapon)
Armour
 b - a +0 scale mail
 c - a +0 shield (worn)
 p - a +0 chain mail (worn)
Jewellery
 o - a +4 ring of intelligence (right hand)
Scrolls
 e - a scroll of magic mapping {unknown}
 g - a scroll of teleportation {unknown}
 i - a scroll of fog
 j - a scroll of identify {unknown}
 k - 2 scrolls of recharging {unknown}
 l - a scroll of blinking {unknown}
Potions
 d - a potion of might
 m - 2 potions of cancellation {unknown}
Comestibles
 f - a bread ration
 h - a fruit
 n - a meat ration


   Skills:
 + Level 5.2 Fighting
 * Level 4.6 Long Blades
 + Level 5.2 Armour
 + Level 0.9 Dodging
 * Level 6.1 Shields


You had 3 spell levels left.
You didn't know any spells.

Dungeon Overview and Level Annotations

Branches:
Dungeon (2/15)

Altars:

Annotations:
D:2 Natasha


Innate Abilities, Weirdness & Mutations

You have a short attention span.
You have very sharp teeth.
Your uncanny sense of smell can sniff out nearby items.


Message History

Natasha claws you.
* * * LOW HITPOINT WARNING * * *
You block the shadow imp's attack.
Unknown command.
You slash Natasha!
Natasha is almost dead.
Natasha stares at you and mumbles some strange words.
The magic dart hits you!
* * * LOW HITPOINT WARNING * * *
You block the shadow imp's attack.
Natasha howls an incantation.
You feel disoriented.
Natasha stares at you and mumbles some strange words.
You resist with significant effort.
Your shield and chain mail prevent you from hitting Natasha.
Natasha is almost dead.
The shadow imp hits you but does no damage.
Natasha stares at you and mumbles some strange words.
The magic dart hits you!
You die...

## .... ..# ..... #
...#### .... ∆ ####
....... ##..# ###...
%...?..##..########.....
.......#.>#.........#.##
......h#....# ######..#
......5@..#######....##
##................####
#...%...##########
#........# #.###.##.# #
#. .# #. .§ .. ##§ .. ≈#


You could see Natasha and a shadow imp.

Vanquished Creatures
  Natasha (D:2)
  An ooze (D:1)
  A worm (D:1)
  A dart slug (D:1)
  2 leopard geckos (D:1)
  A ball python (D:1)
  2 bats (D:1)
  A giant cockroach (D:1)
  2 goblins (D:1)
  7 hobgoblins (D:1)
  A kobold (D:1)
  A frilled lizard (D:2)
  6 rats (D:1)
27 creatures vanquished.

Notes
Turn   | Place    | Note
-------+----------+-------------------------------------------
     0 | D:1      | Punjabi the Gnoll Fighter began the quest for the Orb.
     0 | D:1      | Reached XP level 1. HP: 20/20 MP: 1/1
    41 | D:1      | Reached skill level 5 in Shields
   112 | D:1      | Reached skill level 5 in Armour
   121 | D:1      | Reached skill level 5 in Fighting
   121 | D:1      | Reached XP level 2. HP: 19/27 MP: 2/2
   425 | D:1      | Reached XP level 3. HP: 33/33 MP: 3/3
  1141 | D:2      | Noticed Natasha
  1158 | D:2      | Killed Natasha
  1158 | D:2      | Reached skill level 6 in Shields
  1158 | D:2      | Reached XP level 4. HP: 18/39 MP: 4/4
  1338 | D:2      | Noticed Natasha
  1353 | D:2      | Killed from afar by Natasha

Vault maps used:
D:1:      evilmike_arrival_rings, minmay_misc_feat_doors, amethyst_killhole,
          minivault_11
D:2:      lightli_temple_of_fire, elyvilon_altar_3,
          nicolae_dithmenos_shadow_blocks, uniq_natasha

Skill      XL: |  1  2  3 |
---------------+----------+-----
Shields        | 5 6 |  6.1
Armour         | 5 |  5.2
Fighting       | 5 |  5.2
Long Blades    | 4 |  4.6
Dodging        | |  0.9

Action                   |  1- 3 |  4- 6 || total
-------------------------+-------+-------++-------
Melee: Long sword        |    91 |    20 ||   111
       Bite              |     6 |     2 ||     8
  Use: Scroll            |     4 |       ||     4
       Potion            |       |     1 ||     1
  Eat: Chunk             |       |     1 ||     1
Armor: Scale mail        |    26 |       ||    26
       Chain mail        |    13 |     9 ||    22
Dodge: Dodged            |    32 |     3 ||    35
Block: Shield            |    53 |    10 ||    63
       Rpst.: Long sword |    12 |     1 ||    13
